Map: King's Cove LE

Players

Straakh - Winner!

  • Race: Protoss Protoss
  • Spawn Location: 11:00

VOD

Have the link to the VOD?

Description

Build 4 gateways for large start army.
Build 2nd Nexus fast, build up templars and void rays, expand bases.

Time

  • Played on: June 14, 2019, 8:09 p.m.
  • Length: 27:13
Show
View Real Time Build Order
Export as new Build Order

Straakh Protoss - Winner!

Build Orders:  

Get SALT Encoding   

  12  0:06  Probe (Chrono Boost)  
  13  0:22  Probe (Chrono Boost)  
  14  0:33  Pylon  
  15  0:40  Probe (Chrono Boost)  
  16  1:00  Gateway, Probe (Chrono Boost)  
  16  1:05  Assimilator  
  16  1:15  Assimilator  
  16  1:22  Probe (Chrono Boost)  
  17  1:34  Probe (Chrono Boost)  
  18  1:46  Probe (Chrono Boost)  
  19  1:52  Pylon  
  19  1:59  Probe (Chrono Boost)  
  20  2:11  Cybernetics Core  
  20  2:16  Probe (Chrono Boost)  
  21  2:21  Zealot  
  23  2:33  Probe (Chrono Boost)  
  25  3:01  Probe (Chrono Boost)  
  25  3:10  Zealot  
  25  3:18  Gateway  
  27  3:32  Gateway  
  27  3:38  Gateway  
  27  3:41  Twilight Council  
  28  3:51  Probe (Chrono Boost)  
  28  3:54  Warp Gate  
  28  4:08  Probe (Chrono Boost)  
  29  4:24  Probe (Chrono Boost)  
  28  4:42  Pylon  
  28  4:43  Zealot  
  30  4:58  Pylon  
  30  5:06  Pylon  
  30  5:07  Zealot x3  
  36  5:33  Forge  
  36  6:16  Probe (Chrono Boost)  
  37  6:22  Charge  
  37  6:33  Probe (Chrono Boost)  
  38  6:46  Nexus  
  39  6:50  Probe (Chrono Boost)  
  39  6:53  Protoss Shields Level 1  
  39  7:07  Assimilator  
  39  7:09  Assimilator  
  39  7:17  Sentry  
  39  7:18  Sentry  
  43  7:22  Stalker  
  43  7:26  Pylon  
  45  7:30  Pylon  
  45  7:33  Stalker  
  48  8:01  Probe (Chrono Boost)  
  48  8:10  Zealot  
  48  8:11  Zealot  
  48  8:14  Zealot  
  48  8:17  Probe (Chrono Boost)  
  55  8:22  Zealot  
  57  8:32  Probe (Chrono Boost)  
  57  8:34  Probe (Chrono Boost)  
  59  8:49  Probe (Chrono Boost), Photon Cannon  
  60  9:06  Probe (Chrono Boost)  
  61  9:37  Nexus  
  61  9:41  Photon Cannon  
  61  9:44  Photon Cannon  
  42  11:01  Probe (Chrono Boost)  
  42  11:05  Probe (Chrono Boost)  
  43  11:17  Sentry x2  
  43  11:18  Probe (Chrono Boost), Stalker  
  43  11:19  Stalker  
  52  11:22  Probe (Chrono Boost)  
  53  11:34  Protoss Shields Level 2  
  53  11:35  Probe (Chrono Boost)  
  53  11:39  Probe (Chrono Boost), Assimilator  
  53  11:42  Assimilator  
  53  11:52  Stargate x2  
  53  12:01  Templar Archives  
  53  12:06  Pylon  
  53  12:09  Pylon  
  53  12:13  Pylon  
  53  12:18  Probe (Chrono Boost)  
  54  12:23  Probe (Chrono Boost)  
  55  12:30  Zealot  
  55  12:33  Pylon  
  55  12:35  Probe (Chrono Boost)  
  77  12:40  Probe (Chrono Boost)  
  59  12:52  Probe (Chrono Boost)  
  58  13:03  Zealot x2  
  58  13:04  Stalker  
  58  13:06  High Templar  
  64  13:21  Psionic Storm  
  64  13:30  Void Ray  
  64  13:31  Void Ray  
  72  13:55  Nexus  
  72  14:00  Pylon  
  72  14:04  Pylon  
  72  14:13  Photon Cannon  
  72  14:16  Photon Cannon  
  72  14:19  Photon Cannon  
  72  14:28  High Templar x2  
  72  14:29  High Templar x2  
  80  14:47  Archon  
  80  14:48  Colossus x4  
  80  14:49  Archon  
  80  14:58  Protoss Ground Armor Level 1  
  80  15:23  Pylon  
  80  15:25  Pylon  
  80  15:29  Pylon  
  80  15:33  Pylon  
  80  15:36  Probe x2 (Chrono Boost)  
  80  15:37  Probe (Chrono Boost)  
  84  15:40  Probe (Chrono Boost)  
  84  15:50  Unknown  
  84  15:53  Probe x2 (Chrono Boost)  
  84  15:54  Probe (Chrono Boost)  
  84  15:57  Probe (Chrono Boost)  
  82  16:10  Probe x2 (Chrono Boost)  
  82  16:13  Probe (Chrono Boost)  
  82  16:19  Photon Cannon  
  83  16:22  Photon Cannon  
  83  16:25  Photon Cannon  
  83  16:33  Assimilator  
  83  16:34  Void Ray x2  
  83  16:38  Assimilator  
  91  16:45  High Templar  
  91  16:46  High Templar  
  91  16:47  Stalker x2  
  99  16:53  Archon  
  99  17:17  Probe (Chrono Boost)  
  100  17:22  Void Ray  
  100  17:23  Void Ray  
  100  17:24  Probe (Chrono Boost)  
  101  17:34  Probe (Chrono Boost)  
  111  17:41  Probe (Chrono Boost)  
  111  17:43  Fleet Beacon  
  112  17:51  Probe (Chrono Boost), Pylon  
  112  17:55  High Templar  
  112  17:56  High Templar x2  
  112  17:57  High Templar  
  112  17:58  Probe (Chrono Boost)  
  121  18:04  Protoss Ground Weapons Level 1  
  121  18:17  Archon  
  121  18:20  Archon, Void Ray  
  121  18:21  Void Ray  
  129  18:54  Robotics Facility  
  129  18:57  Zealot  
  129  18:58  Sentry  
  129  18:59  Sentry, Zealot  
  137  19:08  Void Ray  
  137  19:09  Void Ray  
  145  19:37  High Templar x2  
  145  19:38  Zealot, Stalker  
  153  19:55  Void Ray x2  
  153  19:58  Archon  
  161  20:13  Photon Cannon  
  161  20:18  Photon Cannon  
  161  20:26  Photon Cannon  
  161  20:34  Photon Cannon  
  161  20:39  Protoss Air Armor Level 1  
  161  20:42  Photon Cannon  
  161  20:44  Carrier x2  
  161  20:51  Sentry  
  161  20:52  Stalker x2  
  161  20:53  Stalker  
  169  21:08  Protoss Shields Level 3  
  181  21:26  High Templar  
  181  21:27  High Templar x2  
  181  21:28  High Templar  
  183  22:14  Carrier  
  183  22:26  Zealot  
  183  22:27  Zealot  
  183  22:28  Zealot x2  
  195  22:59  Colossus x4  
  139  23:00  Colossus  
  195  23:03  Colossus  
  195  23:04  Colossus x2  
  195  23:05  Colossus  
  195  23:06  Colossus  
  193  23:39  Protoss Air Weapons Level 1  
  189  23:44  Carrier  
  195  24:34  Zealot x2  
  199  25:33  Unknown  
Tags
 
Add a new tag
Caveats
  • Supply blocks, unpowered buildings, or Contaminate may cause inaccurate times.
  • Supply counts are checked every 10 seconds.